 Dungeon Crawl Stone Soup version 0.30-a0-292-g0f741e3f8e (webtiles) character file.

Game seed: 11771356486776965524

1099 kae the Ruffian (level 8, -25/66 HPs)
             Began as a Yellow Draconian Transmuter on Oct 14, 2022.
             Killed from afar by Dowan (27 damage)
             ... with a shard of ice
             ... on level 5 of the Dungeon on Oct 17, 2022.
             The game lasted 00:04:25 (4133 turns).

kae the Ruffian (Yellow Draconian Transmuter)       Turns: 4133, Time: 00:04:26

Health: -25/66     AC:  2    Str: 18    XL:     8   Next: 10%
Magic:  20/22      EV: 19    Int: 16    God:
Gold:   202        SH:  0    Dex: 16    Spells: 4/14 levels left

rFire   + . .      SeeInvis .      - Unarmed
rCold   x . .      Faith    .    (shield currently unavailable)
rNeg    . . .      Spirit   .    (body armour unavailable)
rPois   .          Reflect  .    (helmet currently unavailable)
rElec   .          Harm     .    (cloak currently unavailable)
rCorr   +          Rampage  .    (gloves currently unavailable)
Will    .....                    (boots currently unavailable)
Stlth   +.........               (no amulet)
HPRegen 0.31/turn                R - ring of resist corrosion
MPRegen 0.18/turn                l - ring "Ompuorog" {Fire *Slow rPois MP+9 Str+5}

@: spider-form (expiring)
A: venomous fangs, (spit acid), AC +6, tiny, unfitting armour, (cold-blooded),
(acid resistance)
a: End Transformation


You were on level 5 of the Dungeon.
You were a venomous arachnid creature.
You visited 1 branch of the dungeon, and saw 5 of its levels.

You collected 202 gold pieces.


Innate Abilities, Weirdness & Mutations

You are a venomous arachnid creature.
You have poisonous fangs.
You are tiny and dextrous.
Your spellcasting is less reliable in this form.
Your armour is entirely melded.
You are incapable of wielding weapons or throwing items.
((You can spit globs of acid.))
((Your golden yellow scales are hard. (AC +6)))
You cannot fit into any form of body armour.
((You are cold-blooded and may be slowed by cold attacks.))
((You are resistant to acid. (rCorr)))


   Skills:
 + Level 4.1 Fighting
 - Level 1.7 Dodging
 * Level 6.1 Unarmed Combat
 + Level 3.9 Spellcasting
 + Level 4.1 Transmutations
 * Level 3.4 Ice Magic
 - Level 1.8 Poison Magic


You had 4 spell levels left.
You knew the following spells:

 Your Spells              Type           Power      Damage    Failure   Level
a - Beastly Appendage     Tmut           32%        N/A       11%         1
b - Wereblood             Tmut           16%        N/A       14%         2
c - Spider Form           Tmut/Pois      12%        N/A       32%         3
d - Ice Form              Ice/Tmut       15%        N/A       56%         4

Your spell library contained the following spells:

 Spells                   Type           Power      Damage    Failure   Level
 Blink                    Tloc           6%         N/A       47%         2
 Momentum Strike          Conj/Tloc      6%         3d8       47%         2
 Lesser Beckoning         Tloc           6%         N/A       67%         3

Inventory:

Hand Weapons
 c - a +3 dagger of venom (melded)
   (You took it off a goblin on level 2 of the Dungeon)
Missiles
 b - 34 stones
 e - 12 poisoned darts
Magical Staves
 n - a staff of death {!a}
   (You took it off Sigmund on level 4 of the Dungeon)
Jewellery
 l - the ring "Ompuorog" (right front leg) {Fire *Slow rPois MP+9 Str+5}
   (You found it on level 5 of the Dungeon)

   [ring of fire]

   It enhances your fire magic.
   Str:       It affects your strength (+5).
   rF:        It protects you from fire.
   rC:        It makes you vulnerable to cold.
   rPois:     It protects you from poison.
   MP:        It affects your magic capacity (+9).
   *Slow:     It may slow you when you take damage.
 R - a ring of resist corrosion (left front leg)
   (You found it on level 1 of the Dungeon)
Wands
 m - a wand of mindburst (9)
   (You found it on level 4 of the Dungeon)
Scrolls
 k - a scroll of teleportation {@r4}
 o - a scroll of enchant weapon
 s - a scroll of vulnerability {!r!r}
 t - a scroll of butterflies {unknown}
Potions
 a - 2 potions of lignification {!q}
 d - a potion of heal wounds {unknown}
 f - 2 potions of might
 g - 2 potions of flight {unknown}
 h - a potion of ambrosia {unknown}
 i - a potion of degeneration {unknown}
 j - a potion of curing {unknown}
 p - 2 potions of brilliance {unknown}
 q - a potion of magic {unknown}
 r - 2 potions of cancellation {unknown}

Dungeon Overview and Level Annotations

Branches:
Dungeon (5/15) Zot: 25857
 Temple: D:4-7

Altars:
Cheibriados

Shops:
D:4 =

Annotations:
D:5 Dowan

#.# #.# #.......+
#.# #.......# #.#
#.......# #.#
#.......# #.#
#.......#.. #.#
#.......#.. #.#
#....)e.#.. #.#
#+##s##.# #.#
#)##.##.# #.#
#.##.##.#
#.#######.##.##.#
#............##.#
#########.......#
#########


You could see Dowan (fast, extremely poisoned).


Message History

😱 HP[+3]
You now have 59 max hp (+1).
You regained 3 hp, and now have 13/59 hp.
Items here: )))) [[ †.
You start resting.
Your transformation has ended.
Your +3 dagger of venom unmelds from your body.
Your +3 dagger of venom begins to drip with poison! 😨 HP[+2] MP[+1]
You regained 2 hp, and now have 15/59 hp.
Your primal bloodlust has ended.
Key pressed, stopping explore.
There is a stone staircase leading down here.
You open the door.
f - 2 potions of might (gained 1)
You open the door.
Dowan, Brother of Duvessa comes into view.
He is wielding a +0 dagger.
Found a stone staircase leading down. 😎 HP[+44] MP[+1]
Your hp is fully restored (59).
Your mp is fully restored (21).
Dowan is nearby!
Dowan is nearby!
Unknown command.
Casting: Wereblood (safe; 4% risk of failure)
Confirm with . or Enter, or press ? or * to list all spells.
You turn into a venomous arachnid creature.
Your +3 dagger of venom melds into your body.
Your +3 dagger of venom stops dripping with poison. 😎 MP[-3]
You lost 3 mp, and now have 18/21 mp.
Duvessa, Sister of Dowan comes into view.
She is wielding a +0 rapier.
Duvessa shouts!
Dowan shouts!
Dowan smirks and points a slender finger.
Dowan casts a spell at Duvessa.
Duvessa seems to speed up.
There is an open door here.
You hit Duvessa. Duvessa hits you with a +0 rapier!
Duvessa closely misses you. 😕 HP[-7]
You take 7 damage, and now have 52/59 hp.
You hit Duvessa.
Duvessa is poisoned.
Duvessa hits you with a +0 rapier! 😮 HP[-8]
You take 8 damage, and now have 44/59 hp.
You hit Duvessa but do no damage.
Duvessa looks as sick as possible!
Duvessa completely misses you. Dowan casts a spell at you.
The puff of frost hits you!
You feel a terrible chill!
* * * LOW HITPOINT WARNING * * *
😨 HP[-15] MP[+1]
You take 15 damage, and now have 29/59 hp.
MASSIVE DAMAGE!! (PAUSE)
You hit Duvessa.
Duvessa looks as sick as possible!
Duvessa hits you with a +0 rapier.
* * * LOW HITPOINT WARNING * * *
Dowan barely misses you. Duvessa misses you. 😨 HP[-4]
You take 4 damage, and now have 25/59 hp.
You hit Duvessa.
Duvessa looks as sick as possible!
Duvessa hits you with a +0 rapier.
* * * LOW HITPOINT WARNING * * *
Dowan hits you with a +0 dagger.
* * * LOW HITPOINT WARNING * * *
😨 HP[-5]
You take 5 damage, and now have 20/59 hp.
Unknown command.
You hit Duvessa.
Duvessa looks as sick as possible!
Your transformation is almost over.
Duvessa closely misses you. Dowan misses you.
You hit Duvessa but do no damage. Duvessa hits you with a +0 rapier.
* * * LOW HITPOINT WARNING * * *
😨 HP[-5]
You take 5 damage, and now have 15/59 hp.
You hit Duvessa but do no damage.
Duvessa looks as sick as possible!
Duvessa hits you with a +0 rapier!
* * * LOW HITPOINT WARNING * * *
Dowan completely misses you. Duvessa misses you. 😱 HP[-7]
You take 7 damage, and now have 8/59 hp.
Unknown command.
You bite Duvessa!
You kill Duvessa!
Dowan seems overcome with grief.
Dowan seems to find hidden reserves of power!
Dowan shakes with grief.
Dowan hits you with a +0 dagger.
* * * LOW HITPOINT WARNING * * *
Dowan completely misses you.
You have reached level 8!
You feel stronger. 😱 HP[-1]
You now have 66 max hp (+7).
You hit Dowan.
Dowan is poisoned.
Dowan hits you with a +0 dagger.
* * * LOW HITPOINT WARNING * * *
😱 HP[-5] MP[+1]
You take 5 damage, and now have 2/66 hp.
Unknown command.
You bite Dowan!
Dowan looks as sick as possible!
Dowan gestures at you while chanting. The shard of ice hits you!!
You feel a painful chill!
You die...

Skill      XL: |  1  2  3  4  5  6  7 |
---------------+----------------------+-----
Fighting       | 2 3 4 |  4.1
Unarmed Combat | 4 5 6 |  6.1
Spellcasting   | 3 |  3.9
Transmutations | 3 4 |  4.1
Poison Magic   | 1 |  1.8
Ice Magic      | 1 3 |  3.4
Dodging        | |  1.7

Action                   |  1- 3 |  4- 6 |  7- 9 || total
-------------------------+-------+-------+-------++-------
Melee: Unarmed           |    40 |    16 |    59 ||   115
       Kick              |    19 |    13 |       ||    32
       Tailslap          |     2 |     3 |     1 ||     6
       Dagger            |    24 |    49 |    14 ||    87
       Headbutt          |     6 |     3 |       ||     9
       Punch             |       |     1 |       ||     1
 Cast: Beastly Appendage |    17 |    14 |       ||    31
       Spider Form       |       |     3 |     8 ||    11
       Wereblood         |       |       |     1 ||     1
 Abil: Breathe Acid      |       |       |     2 ||     2
  Use: Scroll            |     2 |     5 |     1 ||     8
       Potion            |       |     1 |       ||     1
 Stab: Sleeping          |     2 |     2 |       ||     4
Armor: Skin              |    17 |    15 |     6 ||    38
Dodge: Dodged            |    30 |    39 |    46 ||   115

Levels and vault maps discovered:
D:1:      giann_horns, layout_basic
D:2:      layout_basic, hellmonk_ecumenical_altar_arch_garden,
          serial_park_tiny_pond, uniq_natasha
D:3:      layout_loops_corners, uniq_grinder
D:4:      layout_loops_ring, nicolae_overflow_crystal_walls,
          nicolae_shop_unique_rings, uniq_sigmund
D:5:      layout_basic, minmay_temple_entry_butterflies, uniq_duvessa

Notes
Turn   | Place    | Note
-------+----------+-------------------------------------------
     0 | D:1      | kae the Draconian Transmuter began the quest for the Orb.
     0 | D:1      | Reached XP level 1. HP: 16/16 MP: 3/3
     0 | D:1      | magus.rc [v1.11.3]
   232 | D:1      | Reached XP level 2. HP: 23/23 MP: 3/5
   298 | D:1      | Upgraded the game from 0.30-a0-269-gf0224bf7b6 to
                  | 0.30-a0-292-g0f741e3f8e
   298 | D:1      | magus.rc [v1.11.3]
   541 | D:1      | Learned a level 2 spell: Wereblood
   898 | D:2      | Found a faded altar of an unknown god.
   956 | D:2      | Noticed Natasha
   961 | D:2      | Killed Natasha
   962 | D:2      | Reached XP level 3. HP: 13/29 MP: 4/6
  1058 | D:2      | Reached skill level 2 in Fighting
  1252 | D:2      | Noticed Natasha
  1265 | D:2      | Killed Natasha
  1266 | D:2      | Reached XP level 4. HP: 14/36 MP: 5/7
  1465 | D:2      | Reached skill level 4 in Unarmed Combat
  1586 | D:2      | Noticed Natasha
  1596 | D:2      | Killed Natasha
  2172 | D:3      | Learned a level 3 spell: Spider Form
  2313 | D:3      | Noticed Grinder
  2322 | D:3      | Paralysed by Grinder for 2 turns
  2325 | D:3      | HP: 5/37 [Grinder (6)]
  2327 | D:3      | HP: 1/55 [Grinder (4)]
  2333 | D:3      | Killed Grinder
  2334 | D:3      | Reached skill level 3 in Spellcasting
  2334 | D:3      | Reached skill level 3 in Transmutations
  2334 | D:3      | Reached skill level 1 in Poison Magic
  2334 | D:3      | Reached XP level 5. HP: 3/44 MP: 7/9
  2334 | D:3      | Reached XP level 6. HP: 3/50 MP: 7/10
  2624 | D:3      | You pick up a book of Spatial Translocations and begin
                  | reading...
  2624 | D:3      | You add the spells Blink, Momentum Strike and Lesser
                  | Beckoning to your library.
  2811 | D:4      | Noticed Sigmund
  2901 | D:4      | Found Hotiefiw's One-of-a-Kind Rings.
  2907 | D:4      | Learned a level 4 spell: Ice Form
  2959 | D:4      | Reached skill level 3 in Fighting
  2993 | D:4      | Killed Sigmund
  2994 | D:4      | Reached skill level 5 in Unarmed Combat
  2994 | D:4      | Reached skill level 1 in Ice Magic
  3045 | D:4      | Your scales start taking on a golden yellow colour.
  3045 | D:4      | Reached XP level 7. HP: 56/57 MP: 7/12
  3045 | D:4      | Gained mutation: You are resistant to acid. (rCorr) [Yellow
                  | Draconian growth]
  3118 | D:4      | Reached skill level 2 in Ice Magic
  3331 | D:4      | Found a snail-covered altar of Cheibriados.
  3697 | D:5      | Entered Level 5 of the Dungeon
  3710 | D:5      | Identified the ring "Ompuorog" {Fire *Slow rPois MP+9
                  | Str+5}
  3760 | D:5      | Reached skill level 4 in Transmutations
  3760 | D:5      | Reached skill level 3 in Ice Magic
  3883 | D:5      | HP: 10/58 [orc priest/divine providence (13)]
  3888 | D:5      | Reached skill level 4 in Fighting
  3888 | D:5      | Reached skill level 6 in Unarmed Combat
  4119 | D:5      | Noticed Dowan
  4122 | D:5      | Noticed Duvessa
  4130 | D:5      | HP: 8/59 [Duvessa/+0 rapier (7)]
  4131 | D:5      | Killed Duvessa
  4132 | D:5      | Reached XP level 8. HP: 7/66 MP: 13/13
  4132 | D:5      | HP: 2/66 [Dowan/+0 dagger (6)]
  4133 | D:5      | Killed from afar by Dowan

Vanquished Creatures
  Grinder (D:3)
  Sigmund (D:4)
  Duvessa (D:5)
  2 ogres
  A phantom (D:4)
  A hound (D:4)
  A jelly (D:4)
  2 orc priests
  2 iguanas
  Natasha (thrice) (D:2)
  3 orc wizards
  An adder (D:4)
  A white imp (D:5)
  A dart slug (D:3)
  8 orcs
  3 bats
  9 endoplasms
  3 giant cockroaches
  5 goblins
  6 hobgoblins
  4 kobolds
  4 quokkas
  6 ball pythons
  2 frilled lizards
  6 rats
77 creatures vanquished.

Table legend:
 A = Non-vault XP
 B = Vault XP
 C = Vault XP percentage of total XP
 D = Non-vault monster count
 E = Vault monster count
 F = Vault count percentage of total count
                 A         B        C        D         E       F
            +---------+---------+-------+---------+---------+-------
      Total |     895 |     676 |  43.0 |      73 |       4 |   5.2
            +---------+---------+-------+---------+---------+-------
        D:1 |      29 |       0 |   0.0 |      19 |       0 |   0.0
        D:2 |      96 |      36 |  27.3 |      17 |       1 |   5.6
        D:3 |      25 |     267 |  91.4 |      10 |       1 |   9.1
        D:4 |     490 |     226 |  31.6 |      19 |       1 |   5.0
        D:5 |     255 |     147 |  36.6 |       8 |       1 |  11.1
            +---------+---------+-------+---------+---------+-------

Illustrated notes

Table legend:
 A = Kills in this place as a percentage of kills in entire the game.
 B = Kills by you in this place as a percentage of kills by you in the entire game.
 C = Kills by friends in this place as a percentage of kills by friends in the entire game.
 D = Other kills in this place as a percentage of other kills in the entire game.
 E = Experience gained in this place as a percentage of experience gained in the entire game.
 F = Experience gained in this place divided by the number of levels of this place that you have seen.
                   A       B       C       D       E      F
               +-------+-------+-------+-------+-------+----------------------
         Total | 100.0 | 100.0 |   N/A |   N/A | 100.0 | 314.2
       Dungeon | 100.0 | 100.0 |   N/A |   N/A | 100.0 | 314.2
               +-------+-------+-------+-------+-------+----------------------

Table legend: (Time is in decaauts)
 A = Elapsed time spent in this place.
 B = Non-inter-level travel time spent in this place.
 C = Inter-level travel time spent in this place.
 D = Time resting spent in this place.
 E = Time spent auto-exploring this place.
 F = Levels seen in this place.
 G = Mean time per level.
                   A        B        C        D        E       F      G
               +--------+--------+--------+--------+--------+-----+--------+
         Total |   4141 |   4027 |    114 |    176 |   3263 |   5 |  828.2 |
       Dungeon |   4141 |   4027 |    114 |    176 |   3263 |   5 |  828.2 |
               +--------+--------+--------+--------+--------+-----+--------+

Top non-repeatable levels by time:
     D:3: 1104 daAuts
     D:2: 1011 daAuts
     D:4: 894 daAuts
     D:1: 699 daAuts
     D:5: 431 daAuts
